 Dungeon Crawl Stone Soup version 0.26-a0-812-g31a745ddcd (webtiles) character file.

Game seed: 7113429042642184615

28 kae the Insei (level 3, -3/20 HPs)
             Began as a Tengu Transmuter on Nov 23, 2020.
             Slain by a goblin (4 damage)
             ... on level 1 of the Dungeon.
             The game lasted 00:00:40 (1044 turns).

kae the Insei (Tengu Transmuter)                    Turns: 1044, Time: 00:00:40

Health: -3/20      AC:  2    Str: 11    XL:     3   Next: 14%
Magic:  7/7        EV: 13    Int: 13    God:
Gold:   44         SH:  0    Dex: 14    Spells: 2/6 levels left

rFire    . . .     SeeInvis .   e - +0 spear
rCold    . . .     Faith    .   (no shield)
rNeg     . . .     Spirit   .   a - +0 robe
rPois    .         Reflect  .   (helmet restricted)
rElec    .         Harm     .   (no cloak)
rCorr    .         Rampage  .   (no gloves)
MR       .....                  (boots unavailable)
Stlth    +.........             (no amulet)
HPRegen  0.06/turn              (no ring)
MPRegen  0.10/turn              (no ring)

@: no status effects
A: beak, talons 3
a: no special abilities


You were on level 1 of the Dungeon.
You visited 1 branch of the dungeon, and saw 1 of its levels.

You collected 44 gold pieces.

Inventory:

Hand Weapons
 e - a +0 spear (weapon)
Armour
 a - a +0 robe (worn)
Scrolls
 b - 3 scrolls of identify {unknown}
Potions
 c - 2 potions of attraction {unknown}
 d - a potion of heal wounds {unknown}
 f - a potion of berserk rage {unknown}
 g - a potion of brilliance {unknown}
 h - a potion of invisibility {unknown}


   Skills:
 + Level 1.3 Fighting
 + Level 0.6 Armour
 + Level 2.4 Dodging
 * Level 3.6 Unarmed Combat
 + Level 2.1 Spellcasting
 * Level 2.0 Transmutations


You had 2 spell levels left.
You knew the following spells:

 Your Spells              Type           Power        Failure   Level
a - Beastly Appendage     Tmut           #.....       11%         1
b - Spider Form           Tmut/Pois      #.........   45%         3

Your spell library contained the following spells:

 Spells                   Type           Power        Failure   Level
 Wereblood                Tmut           #.......     16%         2
 Ice Form                 Ice/Tmut       #.......     86%         4
 Blade Hands              Tmut           #.........   96%         5


Dungeon Overview and Level Annotations

Branches:
Dungeon (1/15)

Altars:


Innate Abilities, Weirdness & Mutations

You have a beak for a mouth.
You have claws for feet.


Message History

You are too injured to fight recklessly!
You are too injured to fight recklessly!
There are monsters nearby!
You are too injured to fight recklessly!
You are too injured to fight recklessly!
There are monsters nearby!
You are too injured to fight recklessly!
You are too injured to fight recklessly!
There are monsters nearby!
You are too injured to fight recklessly!
You are too injured to fight recklessly!
The goblin closely misses you.
You closely miss the goblin. The goblin hits you. x2
* * * LOW HITPOINT WARNING * * *
The goblin hits you.
* * * LOW HITPOINT WARNING * * *
You hit the goblin.
You kill the goblin!
The goblin hits you.
You die...

###...#####'#####...
##..#####≈≈≈≈§≈≈#####
##.### #§≈≈.....≈≈≈# #
#.## #.K.........# #.#
######'###### ##.#####
###8'8#8### ##
#.##^..###.........###.
#.#....##...........##.
#(#..g@#............+#.
#('....(......<.....8+.
#)#(.((#............##.
#.#((..##...........##.
#.##(..###.........##
##.##### ####8+8####
#.# ######+###### #.##
#....?$..§§.# ##.###
#≈≈≈..g..≈§≈ #


You could see a goblin.

Vanquished Creatures
  A dart slug (D:1)
  A bat (D:1)
  2 giant cockroaches (D:1)
  5 goblins (D:1)
  5 hobgoblins (D:1)
  5 frilled lizards (D:1)
  A kobold (D:1)
  5 rats (D:1)
25 creatures vanquished.

Notes
Turn   | Place    | Note
-------+----------+-------------------------------------------
     0 | D:1      | kae the Tengu Transmuter began the quest for the Orb.
     0 | D:1      | Reached XP level 1. HP: 12/12 MP: 4/4
   341 | D:1      | Reached XP level 2. HP: 16/16 MP: 4/6
   878 | D:1      | Reached XP level 3. HP: 20/20 MP: 5/7
   883 | D:1      | Learned a level 3 spell: Spider Form
  1043 | D:1      | HP: 1/20 [goblin (4)]
  1044 | D:1      | Slain by a goblin

Illustrated notes

Levels and vault maps discovered:
D:1:      dpeg_arrival_morbid_curiosity, layout_loops_ring, minmay_lizard_king

Skill      XL: |  1  2 |
---------------+-------+-----
Transmutations | 2 |  2.0
Fighting       | |  1.3
Armour         | |  0.6
Dodging        | |  2.4
Unarmed Combat | |  3.6
Spellcasting   | |  2.1

Action                   || total
-------------------------++-------
Melee: Unarmed           ||     6
       Peck              ||     6
       Spear             ||    52
       Kick              ||     8
       Headbutt          ||     3
       Punch             ||     1
 Cast: Beastly Appendage ||    16
 Stab: Sleeping          ||     3
Armor: Robe              ||     8
Dodge: Dodged            ||    34

Table legend: (Time is in decaauts)
 A = Elapsed time spent in this place.
 B = Non-inter-level travel time spent in this place.
 C = Inter-level travel time spent in this place.
 D = Time resting spent in this place.
 E = Time spent auto-exploring this place.
 F = Levels seen in this place.
 G = Mean time per level.
                   A        B        C        D        E       F      G
               +--------+--------+--------+--------+--------+-----+--------+
         Total |   1048 |   1048 |      0 |      6 |    847 |   1 | 1048.0 |
       Dungeon |   1048 |   1048 |      0 |      6 |    847 |   1 | 1048.0 |
               +--------+--------+--------+--------+--------+-----+--------+

Top non-repeatable levels by time:
     D:1: 1048 daAuts
